AoeStats
← Sor123s8

Arabia

510160034Analyzed
1v1 RM · 2d ago on Sep 29, 2026· 53m 3s· 2 players
Game mode
Random Map
Map size
Tiny (2 player)
Population
200
Speed
Normal
Resources
Standard
Victory
Conquest
Starting age
Dark Age
Ending age
Imperial Age
RankedLock teamsTeams togetherTeam positionsShared explorationLock speedFull tech treeHidden civsTurbo modeCheats
Victory
Defeat
🇦🇷 Magyars · Argentina
1082
+16
🇦🇷 Magyars · Argentina
1074
-16
Bautitw
6:59 Loom
9:41 Feudal Age
10:21 Town Watch
11:26 Double-Bit Axe
21:34 Castle Age
19:35 Horse Collar
20:53 Fletching
21:05 Padded Archer Armor
22:42 Bow Saw
23:03 Gold Mining
23:16 Bodkin Arrow
27:31 Wheelbarrow
26:30 Pikeman
28:15 Leather Archer Armor
35:08 Gold Shaft Mining
38:42 Imperial Age
38:45 Ballistics
38:56 Stone Mining
39:25 Corvinian Army
41:22 Parthian Tactics
44:04 Bracer
44:51 Scale Barding Armor
46:26 Ring Archer Armor
46:06 Elite Skirmisher
46:53 Thumb Ring
48:25 Chemistry
48:01 Heavy Plow
47:48 Heavy Cavalry Archer
49:03 Elite Magyar Huszar
51:51 Two-Man Saw
52:27 Recurve Bow
Sor123s8
7:30 Loom
10:07 Feudal Age
10:48 Double-Bit Axe
14:16 Horse Collar
18:22 Wheelbarrow
22:13 Castle Age
20:19 Gold Mining
21:45 Fletching
23:25 Bow Saw
24:11 Town Watch
29:14 Bodkin Arrow
30:34 Ballistics
33:15 Gold Shaft Mining
32:56 Padded Archer Armor
33:02 Scale Barding Armor
35:37 Imperial Age
33:24 Hand Cart
34:30 Light Cavalry
35:12 Husbandry
38:22 Bloodlines
37:32 Hussar
39:22 Parthian Tactics
39:03 Thumb Ring
40:06 Corvinian Army
40:01 Stone Mining
40:40 Town Patrol
41:00 Leather Archer Armor
41:40 Heavy Plow
43:17 Heavy Cavalry Archer
45:10 Chain Barding Armor
44:51 Bracer
45:22 Ring Archer Armor
45:30 Elite Magyar Huszar
47:07 Conscription
48:46 Two-Man Saw
49:18 Chemistry
49:07 Plate Barding Armor
49:47 Recurve Bow
49:45 Heavy Scorpion
Connection lost

Rejoining the realm…

Still unreachable

The connection could not be restored.

Session expired

The server has moved on; the page needs a fresh start.